 Dungeon Crawl Stone Soup version 0.27.1-1-g398f81649c (webtiles) character file.

Game seed: 789152215739398613

681 AarnesTheHuman the Skirmisher (level 7, -1/74 HPs)
             Began as an Ogre Hunter on Sept 8, 2021.
             Was an Initiate of Makhleb.
             Slain by an iron imp (5 damage)
             ... summoned by Eustachio
             ... on level 4 of the Dungeon.
             The game lasted 00:09:08 (6967 turns).

AarnesTheHuman the Skirmisher (Ogre Hunter)         Turns: 6967, Time: 00:09:08

Health: -1/74      AC:  3    Str: 19    XL:     7   Next: 61%
Magic:  8/8        EV: 10    Int: 12    God:    Makhleb [......]
Gold:   257        SH:  0    Dex:  9    Spells: 6/6 levels left

rFire    . . .     SeeInvis .   c - +0 giant spiked club
rCold    . . .     Faith    .   (shield currently unavailable)
rNeg     . . .     Spirit   .   b - +0 robe
rPois    .         Reflect  .   (helmet restricted)
rElec    .         Harm     .   (no cloak)
rCorr    .         Rampage  .   (gloves unavailable)
Will     .....                  (boots unavailable)
Stlth    +.........             (no amulet)
HPRegen  0.22/turn              (no ring)
MPRegen  0.11/turn              (no ring)

@: no status effects
A: large, unfitting armour, tough skin 1
a: Renounce Religion


You were on level 4 of the Dungeon.
You worshipped Makhleb.
Makhleb was noncommittal.
You visited 1 branch of the dungeon, and saw 5 of its levels.

You collected 257 gold pieces.

Inventory:

Hand Weapons
 a - a +0 short sword
 c - a +0 giant spiked club (weapon)
 k - a +0 club
 m - a +0 giant club
Missiles
 g - 61 stones (quivered)
Armour
 b - a +0 robe (worn)
Wands
 r - a wand of paralysis (8)
Scrolls
 f - 3 scrolls of enchant weapon {unknown}
 h - 5 scrolls of magic mapping {unknown}
 i - a scroll of noise {unknown}
 l - a scroll of fear {unknown}
 q - a scroll of amnesia {unknown}
Potions
 e - a potion of haste
 j - a potion of berserk rage {unknown}
 p - a potion of brilliance {unknown}


   Skills:
 + Level 5.8 Fighting
 + Level 2.7 Maces & Flails
 + Level 5.7 Throwing
 + Level 4.0 Dodging
 - Level 0.6 Stealth
 + Level 2.0 Invocations


You had 6 spell levels left.
You didn't know any spells.
Your spell library contained the following spells:

 Spells                   Type           Power      Damage    Failure   Level
 Shock                    Conj/Air       0%         1d3       32%         1
 Passwall                 Tmut/Erth      0%         N/A       45%         2
 Call Canine Familiar     Summ           0%         N/A       69%         3
 Portal Projectile        Hex/Tloc       0%         N/A       69%         3
 Swiftness                Air            0%         N/A       69%         3
 Airstrike                Air            0%         N/A       97%         4
 Leda's Liquefaction      Hex/Erth       0%         N/A       97%         4
 Invisibility             Hex            0%         N/A       100%        6


Dungeon Overview and Level Annotations

Branches:
Dungeon (5/15)
 Temple: D:4-7

Altars:
Gozag
Makhleb
Qazlal
Ru
Sif Muna
Uskayaw
Xom

Annotations:
D:4 Eustachio


Innate Abilities, Weirdness & Mutations

You are too large for most types of armour.
You have tough skin. (AC +1)


Message History

You throw a poisoned dart. The poisoned dart hits Eustachio.
Eustachio looks as sick as possible!
Eustachio is moderately wounded.
The shadow imp hits you. The iron imp hits you! The white imp gestures at you.
The puff of frost hits you.
Throw: 3 darts (poison)
Press: ? - help, Q - select action, (/) - cycle Shift-Dir - straight line, f/p - Eustachio
Aim: Eustachio, wielding a +0 rapier and wearing a +0 leather armour (moderately wounded, extremely poisoned, 48% to hit)
You throw a poisoned dart. The poisoned dart misses Eustachio.
The shadow imp closely misses you. The white imp gestures at you.
The puff of frost hits you!
* * * LOW HITPOINT WARNING * * *
The iron imp misses you.
Throw: 2 darts (poison)
Press: ? - help, Q - select action, (/) - cycle Shift-Dir - straight line, f/p - Eustachio
Aim: Eustachio, wielding a +0 rapier and wearing a +0 leather armour (moderately wounded, extremely poisoned, 48% to hit)
You throw a poisoned dart. The poisoned dart hits Eustachio!
Eustachio looks as sick as possible!
Eustachio is moderately wounded.
Eustachio gestures wildly while chanting.
The shadow imp barely misses you.
Throw: dart (poison)
Press: ? - help, Q - select action, (/) - cycle Shift-Dir - straight line, f/p - Eustachio
Aim: Eustachio, wielding a +0 rapier and wearing a +0 leather armour (heavily wounded, extremely poisoned, 48% to hit)
You throw a poisoned dart. The poisoned dart hits Eustachio!
Eustachio looks as sick as possible!
Eustachio is heavily wounded.
The white imp barely misses you. The iron imp hits you!
* * * LOW HITPOINT WARNING * * *
You barely miss Eustachio.
Eustachio is heavily wounded.
The shadow imp hits you but does no damage.
The white imp closely misses you. Eustachio hits you with a +0 rapier.
* * * LOW HITPOINT WARNING * * *
The shadow imp hits you.
* * * LOW HITPOINT WARNING * * *
The iron imp hits you.
You die...

...........####....r...........#.
..............#.....#........#...
..............#..(..##.###...#...
................(##...........##.
..............#.(#...............
....###.......#((................
g..###.......##(r................
##...g..##.....5@5r.......##.....
........###.##.5@.........#......
.........#..##.r#.........#......
##...........#..###..............
.#...........#...................
.....................#.....)....#
##.................###.#......#.#
# . ........# #.#.......#. .
......... #.#........# .. .......
#..........#


You could see Eustachio (extremely poisoned), an iron imp (summoned), a white
imp (summoned), a shadow imp (summoned), a quokka (summoned) and 2 rats.

Vanquished Creatures
  2 ogres
  A necrophage (D:3)
  A phantom (D:3)
  A water moccasin skeleton (D:4)
  2 hounds
  An orc priest (D:4)
  An iguana (D:4)
  An orc wizard (D:4)
  A hound skeleton (D:4)
  3 adders
  A gnoll (D:3)
  A howler monkey skeleton (D:4)
  2 worms (D:2)
  3 dart slugs
  An orc (D:4)
  10 endoplasms
  A giant cockroach (D:1)
  9 goblins
  8 hobgoblins
  7 jackals
  4 kobolds
  5 quokkas
  4 ball pythons
  9 bats
  2 frilled lizards (D:3)
  11 rats
92 creatures vanquished.

Notes
Turn   | Place    | Note
-------+----------+-------------------------------------------
     0 | D:1      | AarnesTheHuman the Ogre Hunter began the quest for the Orb.
     0 | D:1      | Reached XP level 1. HP: 22/22 MP: 1/1
   187 | D:1      | Reached XP level 2. HP: 17/31 MP: 2/2
  1287 | D:1      | Reached XP level 3. HP: 27/37 MP: 3/3
  2548 | D:2      | Reached XP level 4. HP: 7/48 MP: 4/4
  3853 | D:3      | Found a faded altar of an unknown god.
  4030 | D:3      | You fall into a shaft and drop 1 floor!
  4037 | D:4      | Reached XP level 5. HP: 41/55 MP: 5/5
  4047 | D:4      | Noticed an ogre
  4061 | D:4      | Found a sacrificial altar of Ru.
  4068 | D:5      | Entered Level 5 of the Dungeon
  4215 | D:5      | Killed an ogre
  4216 | D:5      | Reached skill level 1 in Maces & Flails
  4216 | D:5      | Reached skill level 5 in Throwing
  4537 | D:4      | Reached XP level 6. HP: 63/65 MP: 6/6
  4626 | D:4      | Noticed Eustachio
  4807 | D:3      | Reached skill level 5 in Fighting
  5020 | D:3      | Found a burning altar of Makhleb.
  5028 | D:3      | Became a worshipper of Makhleb the Destroyer
  5058 | D:3      | Noticed a necrophage
  5060 | D:3      | Killed a necrophage
  5070 | D:3      | Found a stormy altar of Qazlal.
  5224 | D:3      | Found an opulent altar of Gozag.
  5337 | D:3      | Found a shimmering blue altar of Sif Muna.
  5337 | D:3      | Found a shimmering altar of Xom.
  5425 | D:3      | Found a hide-covered altar of Uskayaw.
  5593 | D:3      | Reached skill level 1 in Invocations
  5627 | D:3      | Reached XP level 7. HP: 44/72 MP: 7/7
  6967 | D:4      | Slain by an iron imp

Illustrated notes

Levels and vault maps discovered:
D:1:      erik_arrival_triangle_small, layout_basic
D:2:      layout_basic
D:3:      layout_loops_cross, bloody_makhleb,
          chequers_temple_overflow_statue_of_worship,
          nicolae_gozag_cash_rules_everything_around_me,
          nicolae_uskayaw_suspiria, mainiacjoe_overflow_tiny_flanked,
          chequers_ecumenical_altar_island, serial_park_tiny_1
D:4:      layout_cave_pools, amcnicky_altar_gilded, serial_shops,
          kennysheep_mini, uniq_eustachio
D:5:      cheibrodos_two_vegetables, layout_loops_ring,
          minmay_temple_entry_fiery, uniq_crazy_yiuf_cottage, uniq_blork_the_orc

Skill      XL: |  1  2  3  4  5  6  7 |
---------------+----------------------+-----
Fighting       | 3 4 5 |  5.8
Dodging        | 2 3 4 |  4.0
Maces & Flails | 1 2 |  2.7
Throwing       | 5 |  5.7
Invocations    | 1 2 |  2.0
Stealth        | |  0.6

Action                   |  1- 3 |  4- 6 |  7- 9 || total
-------------------------+-------+-------+-------++-------
Melee: Short sword       |   189 |    24 |       ||   213
       Club              |       |    82 |       ||    82
       Giant club        |       |    35 |       ||    35
       Giant spiked club |       |    45 |    51 ||    96
Throw: Large rock        |     6 |    22 |     3 ||    31
       Throwing net      |     2 |     1 |     1 ||     4
       Dart              |       |       |    12 ||    12
       Stone             |       |       |    11 ||    11
  Use: Potion            |       |       |     1 ||     1
 Stab: Sleeping          |     3 |       |       ||     3
Armor: Robe              |    70 |    85 |    49 ||   204
Dodge: Dodged            |    98 |   157 |    91 ||   346
